 Dungeon Crawl Stone Soup version 0.26.0-9-gab577f9fc5 (webtiles) character file.

Game seed: 3626978215909807668

1416 pzskc383 the Geomancer (level 8, -3/45 HPs)
             Began as a Gargoyle Earth Elementalist on Jan 13, 2021.
             Was an Initiate of Vehumet.
             Slain by Prince Ribbit (12 damage)
             ... on level 8 of the Dungeon.
             The game lasted 00:29:31 (9588 turns).

pzskc383 the Geomancer (GrEE)                       Turns: 9588, Time: 00:29:31

Health: -3/45      AC: 11    Str: 12    XL:     8   Next: 71%
Magic:  3/14       EV: 12    Int: 16    God:    Vehumet [......]
Gold:   131        SH:  0    Dex: 12    Spells: 4/15 levels left

rFire    + . .     SeeInvis .   E - +3 trident (venom)
rCold    . . .     Faith    .   (no shield)
rNeg     + . .     Spirit   .   s - +1 leather armour {rF+}
rPois    ∞         Reflect  .   (no helmet)
rElec    +         Harm     .   k - +0 cloak
rCorr    .         Rampage  .   (no gloves)
Will     .....                  (no boots)
Stlth    ++........             x - amulet of the acrobat
HPRegen  0.15/turn              (no ring)
MPRegen  0.14/turn              (no ring)

@: no status effects
A: negative energy resistance 1, electricity resistance, unbreathing,
petrification resistance, miasma immunity, AC +5
a: Renounce Religion


You were on level 8 of the Dungeon.
You worshipped Vehumet.
Vehumet was noncommittal.
You visited 2 branches of the dungeon, and saw 9 of its levels.

You collected 391 gold pieces.
You spent 260 gold pieces at shops.

Inventory:

Hand Weapons
 z - a +4 hand axe
 C - a +3 scimitar of freezing
 E - a +3 trident of venom (weapon)
Missiles
 b - 83 stones
 g - 14 boomerangs
 l - 25 poisoned darts (quivered)
Armour
 c - a +1 robe
 k - a +0 cloak (worn)
 s - a +1 leather armour of fire resistance (worn)
Jewellery
 o - an uncursed ring of resist corrosion
 x - an amulet of the acrobat (around neck)
 A - an uncursed ring of flight
Wands
 r - a wand of polymorph (14)
 t - a wand of flame (45)
Scrolls
 f - 5 scrolls of teleportation
 i - 4 scrolls of remove curse
 j - a scroll of fog
 m - a scroll of magic mapping
 p - a scroll of blinking
 v - 2 scrolls of summoning
 y - 4 scrolls of amnesia
 F - a scroll of immolation
Potions
 a - a potion of lignification
 d - 3 potions of curing
 h - a potion of mutation
 n - 2 potions of attraction
 q - a potion of heal wounds
 u - 2 potions of flight
 w - a potion of ambrosia
 B - a potion of might
 D - a potion of brilliance


   Skills:
 * Level 2.8 Fighting
 - Level 0.7 Short Blades
 + Level 1.4 Throwing
 * Level 2.7 Armour
 * Level 2.8 Dodging
 + Level 3.2 Stealth
 * Level 4.3 Spellcasting
 * Level 4.0 Conjurations
 - Level 0.7 Transmutations
 * Level 8.4 Earth Magic


You had 4 spell levels left.
You knew the following spells:

 Your Spells              Type           Power        Failure   Level
a - Sandblast             Erth           60%          1%          1
b - Stone Arrow           Conj/Erth      46%          4%          3
c - Lee's Rapid Deconstr  Erth           15%          19%         5
d - Blink                 Tloc           N/A          30%         2

Your spell library contained the following spells:

 Spells                   Type           Power        Failure   Level
 Magic Dart               Conj           64%          4%          1
 Passwall                 Tmut/Erth      15%          4%          2
 Animate Skeleton         Necr           6%           21%         1
 Apportation              Tloc           6%           21%         1
 Corona                   Hex            3%           21%         1
 Summon Small Mammal      Summ           12%          21%         1
 Conjure Flame            Conj/Fire      9%           26%         3
 Call Imp                 Summ           3%           30%         2
 Slow                     Hex            3%           30%         2
 Petrify                  Tmut/Erth      18%          32%         4
 Mephitic Cloud           Conj/Pois/Air  7%           34%         3


Dungeon Overview and Level Annotations

Branches:
Dungeon (8/15)             Temple (1/1) D:7
   Lair: D:8-11

Altars:
Ashenzari
Cheibriados
Dithmenos
Elyvilon
Fedhas
Gozag
Hepliaklqana
Kikubaaqudgha
Makhleb
Nemelex Xobeh
Okawaru
Qazlal
Ru
Sif Muna
Uskayaw
Vehumet
Wu Jian
Xom
Yredelemnul
Zin

Shops:
D:7 :

Annotations:
D:4 3 runed translucent doors, aloneDruid's ghost, amateur VSBr
D:7 2 runed translucent doors, MrPhil's ghost, novice DDFi
D:8 Prince Ribbit


Innate Abilities, Weirdness & Mutations

You are resistant to torment.
Your stone body is resilient. (AC +5)
You are immune to poison.
You resist negative energy. (rN+)
You are resistant to electric shocks. (rElec)
You can survive without breathing.
You are immune to petrification.
You are immune to miasma.


Message History

Press: ? - help, Q - select action, (/) - cycle Shift-Dir - straight line, f/p - Prince Ribbit
Aim: Prince Ribbit (heavily wounded, very poisoned)
You throw a poisoned dart.
The poisoned dart barely misses Prince Ribbit.
Unknown command.
Prince Ribbit blinks!
Reach: E) +3 trident (venom)
Press: ? - help, Dir - move target, f/p - Prince Ribbit
Aim: Prince Ribbit (heavily wounded, very poisoned)
You reach to attack!
You closely miss Prince Ribbit.
Prince Ribbit is heavily wounded.
Throw: 26 darts (poison)
Press: ? - help, Q - select action, (/) - cycle Shift-Dir - straight line, f/p - Prince Ribbit
Aim: Prince Ribbit (heavily wounded, very poisoned)
You throw a poisoned dart.
The poisoned dart barely misses Prince Ribbit.
Prince Ribbit hits you!
* * * LOW HITPOINT WARNING * * *
Prince Ribbit hits you!
You die...

#.# #.# #.# #.# #.#
#######.# #.).....#
##.#####§#######
#.#####.>@####........
#)...[((.F.(..(#######
#.#####(.(###..#
#$######.## #..##
#....g(..# #...##
#....(#### #....##
.......).# #.....#
##.....g.# ##...##
#...(..[# #<.##


You could see Prince Ribbit (very poisoned).

Vanquished Creatures
  An orc warrior (D:7)
  An ogre (D:8)
  A phantom (D:5)
  A gnoll sergeant (D:8)
  2 bullfrogs (D:6)
  A wyvern zombie (D:6)
  A scorpion (D:4)
  3 wights (D:6)
  A howler monkey (D:5)
  A centaur zombie (D:5)
  An orc priest (D:3)
  A hound (D:4)
  A jelly (D:6)
  An orc wizard (D:4)
  2 iguanas
  5 worker ants
  2 hound skeletons (D:5)
  3 gnolls (D:8)
  13 adders
  3 shadow imps
  3 white imps (D:6)
  2 ufetubi (D:7)
  An adder zombie (D:5)
  4 worms
  8 leopard geckos
  15 orcs
  4 bats
  6 giant cockroaches
  6 goblins
  6 hobgoblins
  9 jackals
  3 quokkas
  A ball python (D:1)
  3 frilled lizards
  11 kobolds
  7 rats
134 creatures vanquished.

Vanquished Creatures (collateral kills)
  A centaur zombie (D:5)
  A white imp (D:5)
2 creatures vanquished.

Vanquished Creatures (others)
  A plant (D:1)
1 creature vanquished.

Grand Total: 137 creatures vanquished

Notes
Turn   | Place    | Note
-------+----------+-------------------------------------------
     0 | D:1      | pzskc383 the Gargoyle Earth Elementalist began the quest
                  | for the Orb.
     0 | D:1      | Reached XP level 1. HP: 10/10 MP: 3/3
   417 | D:1      | Reached skill level 4 in Earth Magic
   435 | D:1      | Reached XP level 2. HP: 15/15 MP: 3/5
  1125 | D:1      | Reached XP level 3. HP: 14/19 MP: 4/6
  1129 | D:1      | Learned a level 3 spell: Stone Arrow
  2887 | D:2      | Reached skill level 5 in Earth Magic
  2887 | D:2      | Reached XP level 4. HP: 24/24 MP: 4/7
  3059 | D:2      | Found a faded altar of an unknown god.
  4321 | D:3      | Found a blossoming altar of Fedhas.
  4442 | D:3      | Reached skill level 6 in Earth Magic
  4442 | D:3      | Reached XP level 5. HP: 28/28 MP: 6/8
  5104 | D:4      | Learned a level 5 spell: Lee's Rapid Deconstruction
  5118 | D:4      | Found a sacrificial altar of Ru.
  5195 | D:4      | Reached skill level 1 in Conjurations
  5263 | D:4      | Reached XP level 6. HP: 33/33 MP: 10/10
  5359 | D:4      | Reached skill level 7 in Earth Magic
  5604 | D:4      | Found a runed translucent gate.
  5604 | D:4      | Found a runed translucent gate.
  5605 | D:4      | Found a runed translucent gate.
  5605 | D:4      | Noticed aloneDruid's ghost (amateur VSBr)
  5721 | D:5      | Entered Level 5 of the Dungeon
  5878 | D:5      | Found a basalt altar of Yredelemnul.
  5882 | D:5      | Noticed a phantom
  5893 | D:5      | Killed a phantom
  5894 | D:5      | Reached XP level 7. HP: 35/37 MP: 5/12
  6483 | D:6      | Found a white marble altar of Elyvilon.
  6483 | D:6      | Found a shadowy altar of Dithmenos.
  6498 | D:6      | Reached skill level 1 in Fighting
  6498 | D:6      | Reached skill level 1 in Armour
  6849 | D:6      | Reached skill level 8 in Earth Magic
  6958 | D:6      | Reached XP level 8. HP: 21/43 MP: 8/13
  7279 | D:6      | Reached skill level 1 in Throwing
  7854 | D:6      | Found a sparkling altar of Nemelex Xobeh.
  7854 | D:6      | Found an ancient bone altar of Kikubaaqudgha.
  7928 | D:7      | Found a radiant altar of Vehumet.
  7938 | D:7      | Became a worshipper of Vehumet
  8097 | D:7      | Found a staircase to the Ecumenical Temple.
  8135 | Temple   | Entered the Ecumenical Temple
  8340 | D:7      | Found a large runed translucent door.
  8340 | D:7      | Found a large runed translucent door.
  8367 | D:7      | Noticed MrPhil's ghost (novice DDFi)
  9096 | D:7      | Found Xicivov's Book Shoppe.
  9113 | D:7      | Bought a book of Minor Magic for 260 gold pieces
  9116 | D:7      | Learned a level 2 spell: Blink
  9554 | D:8      | Noticed Prince Ribbit
  9588 | D:8      | Slain by Prince Ribbit

Illustrated notes

Levels and vault maps discovered:
D:1:      minmay_arrival_floating_metal, layout_basic, serial_bayou,
          serial_bayou_shore_a, serial_bayou_pond_e, serial_bayou_pond_d,
          serial_bayou_crossing
D:2:      layout_basic, chequers_ecumenical_altar_grove
D:3:      layout_basic, nicolae_overflow_crystal_walls
D:4:      layout_rooms, overflow_temple_1_default, gammafunk_ghost_necromancy
D:5:      layout_cave_pools, kennysheep_mini_moat
D:6:      layout_gridville, gammafunk_temple_overflow_pools,
          chequers_temple_overflow_statue_of_worship
D:7:      layout_rooms, lemuel_round_altar, minmay_temple_entry_sparse_star,
          ebering_ghost_disaster_area, serial_co_window_serial,
          co_window_of_opportunity_a, co_window_paths_a, co_window_paths_a,
          co_window_corner_a, co_window_corner_a, co_window_paths_a,
          co_window_cross_2, co_window_unsneaky_path_d, co_window_cross_2,
          co_window_broadway_c, co_window_2corner, co_window_of_opportunity_b,
          co_window_paths_e, co_window_paths_d, glass_columns_c,
          glass_columns_b, glass_columns_a, glass_columns_a, serial_shops,
          nicolae_shop_waterfront
D:8:      layout_loops_ring, nicolae_tso_swordbearing_angel, uniq_prince_ribbit1
Temple:   nicolae_temple_x_marks_the_god

Skill      XL: |  1  2  3  4  5  6  7  8 |
---------------+-------------------------+-----
Earth Magic    | 4 5 6 7 8 |  8.4
Conjurations   | 1 2 3 4 |  4.0
Spellcasting   | 3 4 |  4.3
Fighting       | 1 2 |  2.8
Armour         | 1 2 |  2.7
Dodging        | 2 |  2.8
Throwing       | 1 |  1.4
Stealth        | 3 |  3.2
Short Blades   | |  0.7
Transmutations | |  0.7

Action                   |  1- 3 |  4- 6 |  7- 9 || total
-------------------------+-------+-------+-------++-------
Melee: Unarmed           |     4 |       |       ||     4
       Dagger            |     4 |       |       ||     4
       Short sword       |    91 |    43 |    26 ||   160
       Hand axe          |       |       |    68 ||    68
       Trident           |       |       |    18 ||    18
Throw: Dart              |    11 |    66 |    40 ||   117
 Cast: Sandblast         |    24 |    36 |    39 ||    99
       Stone Arrow       |     3 |    14 |    16 ||    33
       Lee's Rapid Decon |       |     1 |     4 ||     5
  Use: Potion            |     4 |       |       ||     4
       Scroll            |       |     9 |     9 ||    18
 Stab: Sleeping          |     3 |     1 |     1 ||     5
Armor: Robe              |    25 |    22 |       ||    47
       Leather armour    |       |     3 |    60 ||    63
Dodge: Dodged            |    84 |    33 |   126 ||   243
